AoeStats
← LeonTK

African Clearing

504498548Analyzed
3v3 RM · 27d ago on Sep 5, 2026· 100m 20s· 6 players
Game mode
Random Map
Map size
Normal (6 player)
Population
200
Speed
Normal
Resources
Standard
Victory
Conquest
Starting age
Dark Age
Ending age
Imperial Age
RankedLock teamsTeams togetherTeam positionsShared explorationLock speedFull tech treeHidden civsTurbo modeCheats
Victory
Defeat
🇦🇹 Celts · Austria
1332
+14
🇳🇬 Malians · Nigeria
1284
+16
🇺🇸 Byzantines · United States
1248
+18
🇯🇵 Mongols · Japan
1350
-19
🇯🇵 Vietnamese · Japan
1316
-17
🇦🇷 Franks · Argentina
1194
-12
Nice game
5:53 Loom
12:22 Feudal Age
13:08 Double-Bit Axe
13:19 Gold Mining
15:26 Fletching
20:13 Wheelbarrow
25:23 Town Watch
25:31 Horse Collar
28:18 Castle Age
28:31 Stone Mining
31:06 Castle Age
30:04 Padded Archer Armor
31:12 Crossbowman
31:58 Thumb Ring
31:22 Crossbowman
32:01 Bodkin Arrow
32:22 Leather Archer Armor
32:40 Bow Saw
32:32 Heavy Plow
33:10 Stone Shaft Mining
33:57 Ballistics
39:43 Hand Cart
45:15 Imperial Age
42:31 Elite Skirmisher
45:05 Town Patrol
45:49 Arbalester
45:50 Imperial Skirmisher
46:37 Bracer
47:07 Ring Archer Armor
47:45 Chemistry
46:51 Siege Engineers
47:20 Crop Rotation
48:05 Two-Man Saw
48:32 Caravan
51:08 Paper Money
52:26 Forging
52:16 Scale Mail Armor
57:48 Hoardings
67:02 Iron Casting
66:33 Scale Barding Armor
66:57 Bloodlines
66:48 Husbandry
66:10 Elite Battle Elephant
67:31 Chatras
70:17 Chain Barding Armor
74:14 Coinage
73:55 Guilds
77:06 Banking
nanakusa
12:23 Feudal Age
13:42 Wheelbarrow
14:10 Loom
16:54 Castle Age
15:35 Double-Bit Axe
16:07 Horse Collar
19:15 Heavy Plow
23:23 Scale Barding Armor
25:43 Forging
26:23 Bloodlines
29:28 Husbandry
29:31 Gold Mining
35:54 Town Watch
36:27 Hand Cart
40:49 Imperial Age
41:09 Fletching
42:23 Conscription
42:00 Bodkin Arrow
42:37 Chain Barding Armor
42:18 Padded Archer Armor
42:30 Capped Ram
42:45 Elite Mangudai
43:47 Bracer
44:55 Chemistry
44:15 Ballistics
45:26 Leather Archer Armor
44:52 Capped Ram
46:18 Thumb Ring
46:38 Parthian Tactics
46:49 Drill
45:53 Siege Ram
47:42 Onager
50:59 Masonry
50:55 Siege Engineers
51:28 Light Cavalry
51:54 Siege Onager
57:03 Iron Casting
55:58 Hussar
59:07 Coinage
66:34 Caravan
68:15 Heavy Scorpion
71:47 Fortified Wall
75:03 Banking
81:48 Heavy Camel Rider
83:45 Elite Steppe Lancer
Bachan
4:42 Loom
15:20 Feudal Age
20:18 Forging
20:15 Scale Barding Armor
24:34 Castle Age
25:00 Double-Bit Axe
26:30 Gold Mining
30:44 Iron Casting
31:42 Bow Saw
34:39 Husbandry
37:54 Gold Shaft Mining
39:13 Chain Barding Armor
42:24 Imperial Age
40:30 Wheelbarrow
42:42 Cavalier
45:29 Elite Throwing Axeman
53:03 Blast Furnace
52:39 Plate Barding Armor
78:55 Paladin
91:52 Paladin
Waydess
13:18 Feudal Age
13:58 Double-Bit Axe
14:43 Loom
21:27 Castle Age
20:49 Scale Mail Armor
21:34 Padded Archer Armor
21:28 Elite Skirmisher
21:31 Pikeman
26:04 Forging
29:15 Wheelbarrow
28:44 Gold Mining
33:10 Squires
36:28 Chain Mail Armor
39:55 Imperial Age
37:47 Hand Cart
37:47 Bow Saw
37:21 Horse Collar
41:01 Conscription
41:33 Halberdier
42:30 Fletching
43:43 Two-Man Saw
42:47 Heavy Plow
45:12 Gold Shaft Mining
48:45 Leather Archer Armor
52:01 Bodkin Arrow
52:37 Ring Archer Armor
54:52 Bracer
55:23 Plate Mail Armor
58:11 Iron Casting
66:25 Crop Rotation
66:31 Ballistics
65:49 Man-at-Arms
67:01 Guard Tower
67:23 Fortified Wall
69:15 Scale Barding Armor
70:43 Elite Cataphract
71:45 Chain Barding Armor
91:33 Husbandry
94:52 Long Swordsman
95:18 Gambesons
96:09 Two-Handed Swordsman
97:33 Caravan
97:59 Champion
LeonTK
13:08 Loom
15:28 Feudal Age
19:12 Castle Age
17:36 Stone Mining
18:11 Double-Bit Axe
18:30 Scale Mail Armor
19:55 Forging
19:16 Pikeman
24:15 Horse Collar
27:23 Gold Mining
29:44 Heavy Plow
29:58 Bow Saw
31:31 Chain Mail Armor
33:31 Iron Casting
32:46 Arson
35:59 Wheelbarrow
39:19 Imperial Age
39:09 Gold Shaft Mining
40:35 Plate Mail Armor
39:35 Halberdier
41:38 Blast Furnace
42:58 Hand Cart
43:13 Fortified Wall
44:18 Elite Woad Raider
47:46 Siege Engineers
47:03 Onager
49:12 Stone Shaft Mining
48:26 Gambesons
49:40 Furor Celtica
56:40 Siege Onager
59:02 Fletching
59:55 Bodkin Arrow
63:06 Elite Skirmisher
67:33 Padded Archer Armor
69:38 Leather Archer Armor
69:49 Ballistics
70:29 Chemistry
78:00 Caravan
99:56 Capped Ram
D_Baron
9:02 Loom
12:44 Feudal Age
13:41 Town Watch
18:14 Fletching
21:29 Padded Archer Armor
26:51 Wheelbarrow
31:18 Castle Age
29:13 Gold Mining
30:16 Forging
32:34 Crossbowman
33:22 Bodkin Arrow
35:27 Double-Bit Axe
39:05 Horse Collar
39:54 Bow Saw
44:42 Iron Casting
44:36 Hand Cart
44:27 Heavy Plow
45:09 Tigui
46:04 Scale Mail Armor
46:42 Squires
47:03 Chain Mail Armor
48:59 Masonry
53:21 Imperial Age
51:33 Leather Archer Armor
51:41 Elite Skirmisher
53:22 Elite Gbeto
54:24 Conscription
54:37 Plate Mail Armor
54:38 Ring Archer Armor
55:04 Farimba
56:39 Ballistics
57:20 Chemistry
59:35 Architecture
60:25 Bloodlines
60:16 Husbandry
59:37 Heavy Camel Rider
59:39 Light Cavalry
67:15 Thumb Ring
68:34 Hoardings
72:49 Caravan
73:45 Treadmill Crane
83:33 Guard Tower
96:39 Fortified Wall
97:05 Keep
98:04 Cavalier
Connection lost

Rejoining the realm…

Still unreachable

The connection could not be restored.

Session expired

The server has moved on; the page needs a fresh start.